Cogmind - Beta 16 *** ADVENTURER MODE // 2026.01.26 @ 23:36:17 Player: CCCC Result: Destroyed by D-53 Grenadier with Mini Grenade Launcher Performance ------------- Evolutions (0) 0 Regions Visited (2) 400 Robots Destroyed (3) 15 Value Destroyed (30) 30 Prototype IDs (0) 0 Alien Tech Used (0) 0 Bonus (0) 0 TOTAL SCORE: 445 Bonus ------- None Cogmind --------- Core Integrity 0/250 Matter 208/300 Energy 71/100 System Corruption 1% Temperature Cool (0) Movement Rolling (110) Ox2 Location -10/Mines Parts ------- > --- POWER (1) -------- (None) > --- PROPULSION (2) --- Wheel > --- UTILITY (2) ------ Large Storage Unit > --- WEAPON (2) ------- Heavy Hammer Heavy Hammer > --- INVENTORY (15) --- Ion Engine Aluminum Leg Aluminum Leg Flight Unit Flight Unit Flight Unit Flight Unit Cooling System Small Storage Unit Medium Laser Beam Cannon Light Assault Rifle Heavy Hammer Heavy Hammer Peak State ------------ > --- POWER ------------ Light Ion Engine > --- PROPULSION ------- Wheel Compact Wheel > --- UTILITY ---------- Large Storage Unit Structural Scanner > --- WEAPON ----------- Medium Laser Light Assault Rifle > --- INVENTORY -------- Ion Engine Light Treads Aluminum Leg Aluminum Leg Flight Unit Flight Unit Cooling System Cooling System Small Storage Unit Beam Cannon Heavy Hammer Heavy Hammer Heavy Hammer Heavy Hammer [Rating: 9] Favorites ----------- Power Light Ion Engine Engine Light Ion Engine Propulsion Compact Wheel Wheel Compact Wheel Utility Large Storage Unit Device Structural Scanner Storage Large Storage Unit Weapon Medium Laser Energy Gun Medium Laser Energy Cannon Beam Cannon Ballistic Gun Light Assault Rifle Impact Weapon Heavy Hammer Build | -11 -10 -10 ------- Run | Yrd Mat Min Slots Evolved . | . . . Power . | . . . Propulsion . | . . . Utility . | . . . Weapon . | . . . Parts Attached 17 | 6 2 9 Power 1 | 1 . . Engine 1 | 1 . . Core . | . . . Reactor . | . . . Propulsion 4 | 2 . 2 Treads . | . . . Leg . | . . . Wheel 4 | 2 . 2 Hover . | . . . Flight . | . . . Utility 4 | 1 2 1 Device 2 | . 1 1 Storage 2 | 1 1 . Processor . | . . . Hackware . | . . . Protection . | . . . Artifact . | . . . Weapon 8 | 2 . 6 Energy Gun 1 | 1 . . Energy Cannon 1 | . . 1 Ballistic Gun 2 | 1 . 1 Ballistic Cannon . | . . . Launcher . | . . . Special Weapon . | . . . Impact Weapon 4 | . . 4 Slashing Weapon . | . . . Piercing Weapon . | . . . Special Melee Weapon . | . . . Unidentified Prototypes . | . . . Parts Lost 5 | . . 5 Power 1 | . . 1 Propulsion 3 | . . 3 Utility 1 | . . 1 Weapon . | . . . Highest Loss Streak 3 | . . 3 To Critical Strikes . | . . . Average Backups 11 | 1 9 14 Power . | . 1 1 Propulsion 4 | 1 4 6 Utility 1 | . 2 2 Weapon 3 | . 2 5 Tool/Special . | . . . Unused Backups 11 | . 1 10 Power 1 | . . 1 Propulsion 7 | . 1 6 Utility 3 | . . 3 Weapon . | . . . Tool/Special . | . . . Average Slot Usage (%) 94 | . 99 87 Engine 11 | . 14 7 Wheel 27 | . 28 26 Device 10 | . 9 12 Storage 16 | . 17 14 Energy Gun 11 | . 14 7 Ballistic Gun 11 | . 14 7 Impact Weapon 3 | . . 8 Peak Build Rating 9 | 6 9 9 Average Rating 7 | 3 7 8 On Entrance 5 | . 6 9 Avg Prop Armor Cover (%) . | . . . Naked Turns . | . . . Heaviest Build 31 | 11 31 27 Greatest Support 26 | 26 26 26 Greatest Overweight (x) 1 | . 1 1 Average Overweight (x) . | . . . Largest Inventory Capacity 15 | 8 15 15 Average Capacity 14 | 6 14 15 Most Carried 15 | 4 15 15 Average Carried 11 | 2 10 14 Final Capacity 15 | 8 15 15 Final Carried 15 | 3 15 14 Class Distribution -------------------- 100% | Mutant Dominant Class ---------------- Mutant | -10/Materials Mutant | -10/Mines Resources | -11 -10 -10 ----------- Run | Yrd Mat Min Matter Collected 263 | 180 . 83 Remotely . | . . . Salvage Created 109 | . . 109 Parts 4 | . . 4 Haulers Intercepted . | . . . Recyclers Shooed . | . . . Parts Field Recycled . | . . . Retrieved Matter . | . . . Parts Self-Destructed . | . . . Prevented . | . . . Parts Restored . | . . . Kills | -11 -10 -10 ------- Run | Yrd Mat Min Combat Hostiles Destroyed 10 | . . 10 Melee 6 | . . 6 Guns 3 | . . 3 Classes Destroyed 2 | . . 2 Swarmer 3 | . . 3 Assembled 7 | . . 7 Best Kill Streak 5 | . . 5 Combat Bots Only 5 | . . 5 Max Kills in Single Turn 1 | . . 1 Gunslinging . | . . . Exploded . | . . . Melee 1 | . . 1 Uniques/NPCs Destroyed . | . . . Combat | -11 -10 -10 -------- Run | Yrd Mat Min Hostile Shots Fired 60 | . 9 51 Missed 16 | . 2 14 Hits 44 | . 7 37 Melee 13 | . . 13 Projectile 31 | . 7 24 AOE 8 | . . 8 Damage Taken 744 | . 76 668 Core 252 | . . 252 Absorbed by Shields . | . . . Ignored by Resistances 213 | . 22 191 Core Remaining (%) 100 | 100 . . Volleys Fired 10 | . 2 8 Largest 2 | . 2 2 Hottest 70 | . 70 70 Shots Fired 20 | . 4 16 Gun 20 | . 4 16 Cannon . | . . . Launcher . | . . . Special . | . . . Kinetic 10 | . 2 8 Thermal 10 | . 2 8 Explosive . | . . . Electromagnetic . | . . . Robot Hit Streak 3 | . 3 2 Robot Miss Streak 2 | . 1 2 Penetration Max . | . . . Secondary Targets 1 | . . 1 Max Gunslinging Chain 1 | . . 1 Shots Hit Robots 23 | . 3 20 Core Hits 8 | . 1 7 Critical Kills . | . . . Critical Parts Destroyed 1 | . . 1 Critical Strikes 2 | . . 2 Burn 1 | . . 1 Smash 1 | . . 1 Melee Attacks 17 | . . 17 Impact 17 | . . 17 Slashing . | . . . Piercing . | . . . Sneak Attacks . | . . . Combat Hostiles . | . . . Follow-up Attacks 2 | . . 2 Damage Inflicted 662 | . 45 617 Guns 125 | . 45 80 Cannons . | . . . Explosions . | . . . Melee 537 | . . 537 Ramming . | . . . Kinetic 50 | . 20 30 Thermal 75 | . 25 50 Explosive . | . . . Electromagnetic . | . . . Impact 537 | . . 537 Slashing . | . . . Piercing . | . . . Highest Corruption 1 | . . 1 Average Corruption 1 | . . 1 Corruption Purged . | . . . Corruption Blocked . | . . . Overload Shots . | . . . Overflow Damage 206 | . . 206 Projectiles . | . . . Explosions . | . . . Melee 206 | . . 206 Knockbacks . | . . . Impact . | . . . Kinetic . | . . . Secondary . | . . . Self-Inflicted Damage . | . . . Shots . | . . . Rammed . | . . . Targets Rammed . | . . . Kicked . | . . . Crushed . | . . . Highest Temperature 100 | . 40 100 Average Temperature 37 | . 23 40 Received Heat Transfer 234 | . 54 180 Siege Activations . | . . . Martial Activations . | . . . Shielding Activations . | . . . Robots Disrupted . | . . . Combat Hostiles . | . . . Robots Corrupted 1 | . . 1 Combat Hostiles 1 | . . 1 Parts Fried . | . . . Impact Corruptions 7 | . . 7 Robots Melted . | . . . Combat Hostiles . | . . . Parts Melted 1 | . . 1 Heat Transferred 296 | . 74 222 Parts Sabotaged . | . . . Parts Stolen . | . . . Parts Stripped . | . . . Power Chain Reactions . | . . . Alert | -11 -10 -10 ------- Run | Yrd Mat Min Maximum Alert Level . | . . . Low Security (%) 100 | 100 100 100 Level 1 . | . . . Level 2 . | . . . Level 3 . | . . . Level 4 . | . . . Level 5 . | . . . High Security . | . . . Max Security . | . . . Peak Influence 70 | . . 70 Initial . | . . . Average 7 | . . 19 Influence Increases 70 | . . 70 Destroy 0b10 Robot/C 60 | . . 60 Destroy Leader 10 | . . 10 Influence Decreases 70 | . . 70 Time Decay 60 | . . 60 Lost Part 10 | . . 10 Squads Dispatched . | . . . Investigation . | . . . Extermination . | . . . Reinforcement . | . . . Assault . | . . . Garrison . | . . . Intercept . | . . . Searches Triggered . | . . . Construction Impeded . | . . . Haulers Reinforced . | . . . Active Scanning Responses . | . . . Cargo Convoy Interrupts . | . . . Stealth | -11 -10 -10 --------- Run | Yrd Mat Min Distress Signals 1 | . 1 . Communications Jammed . | . . . Distress Signals . | . . . Times Spotted 21 | . 6 15 Peak Tracking Total 6 | . 4 6 Tactical Retreats 2 | . . 2 Traps | -11 -10 -10 ------- Run | Yrd Mat Min Traps Triggered . | . . . Indirectly . | . . . Trap Hack Attempts . | . . . Triggered . | . . . Disarmed . | . . . Reprogrammed . | . . . Reused . | . . . Traps Extracted . | . . . Installed . | . . . Triggered . | . . . Machines | -11 -10 -10 ---------- Run | Yrd Mat Min Machines Disabled . | . . . Max in Single Turn . | . . . Machines Repaired . | . . . Machines Dismantled . | . . . Machines Sabotaged . | . . . Overloaded Fab Kills . | . . . Hacking | -11 -10 -10 --------- Run | Yrd Mat Min Machines Accessed 1 | . 1 . Terminals 1 | . 1 . Fabricators . | . . . Repair Stations . | . . . Recycling Units . | . . . Scanalyzers . | . . . Garrison Access . | . . . Total Hacks 2 | . 2 . Successful . | . . . Failed 2 | . 2 . Catastrophic . | . . . Database Lockouts . | . . . Manual . | . . . Terminals 2 | . 2 . Fabricators . | . . . Repair Stations . | . . . Recycling Units . | . . . Scanalyzers . | . . . Garrison Access . | . . . Terminal Hacks . | . . . Fabricator Hacks . | . . . Repair Station Hacks . | . . . Recycling Unit Hacks . | . . . Scanalyzer . | . . . Garrison Access Hacks . | . . . Unauthorized Hacks . | . . . Terminals . | . . . Fabricators . | . . . Repair Stations . | . . . Recycling Units . | . . . Scanalyzers . | . . . Garrison Access . | . . . Data Cores Recovered . | . . . Used . | . . . Hacking Detections . | . . . Full Trace Events . | . . . Feedback Events . | . . . Feedback Blocked . | . . . Robot Schematics Acquired . | . . . Robots Built . | . . . Authchips . | . . . Time . | . . . Total Robot Build Rating . | . . . Part Schematics Acquired . | . . . Parts Built . | . . . Authchips . | . . . Time . | . . . Total Part Build Rating . | . . . Part Studies Acquired . | . . . Parts Repaired . | . . . Time . | . . . Parts Recycled . | . . . Recycled Matter . | . . . Retrieved Matter . | . . . Retrieved Components . | . . . Parts Scanalyzed . | . . . Part Schematics Acquired . | . . . Parts Damaged . | . . . Bothacking | -11 -10 -10 ------------ Run | Yrd Mat Min Used RIF Installer . | . . . Robots Hacked . | . . . Non-combat . | . . . Combat . | . . . Robot Hacks Applied . | . . . Relay Couplers Released . | . . . Fabnet Peak Effective % . | . . . Robots Rewired . | . . . Allies Hacked . | . . . Hacks Repelled . | . . . Allies | -11 -10 -10 -------- Run | Yrd Mat Min Total Allies . | . . . Largest Group . | . . . Highest-Rated Group . | . . . Highest-Rated Ally . | . . . Total Orders . | . . . Ally Attacks . | . . . Total Damage . | . . . Kills . | . . . Allies Corrupted . | . . . Allies Melted . | . . . Intel | -11 -10 -10 ------- Run | Yrd Mat Min Active Infowar (turns) 513 | . 269 244 Structural 449 | . 269 180 Seismic 64 | . . 64 Robot Analysis Total . | . . . Derelict Logs Recovered 1 | . . 1 Drone Launches . | . . . Drone Recoveries . | . . . Exploration | -11 -10 -10 ------------- Run | Yrd Mat Min Turns Passed 700 | 49 392 259 Spaces Moved 526 | 42 307 177 Core 4 | 4 . . Treads . | . . . Legs . | . . . Wheels 522 | 38 307 177 Hover . | . . . Flight . | . . . Fastest Speed 50 | 50 90 90 Average Speed 101 | 87 104 99 Slowest Speed 115 | 100 105 115 Overloaded Moves . | . . . Propulsion Burnouts . | . . . Robots Hopped . | . . . Potential Cave-ins . | . . . Cave-ins Triggered . | . . . Exploration Rate (%) 28 | 4 43 39 Regions Visited 2 Branch Regions 1 Pre-discovered Areas 1 | . . 1 Known Exits Taken . | . . . Unknown Exits Taken 2 | 1 1 . Scrap Searched . | . . . Spaces Dug . | . . . Terrain Destroyed . | . . . Melee . | . . . Projectile . | . . . AOE . | . . . Terrain Rammed . | . . . Walls Destroyed . | . . . Machines Disabled . | . . . Actions | -11 -10 -10 --------- Run | Yrd Mat Min Total 645 | 51 376 218 Wait 52 | . 51 1 Move 524 | 41 306 177 Hop . | . . . Pick Up 19 | 4 13 2 Fast Attach 8 | 5 1 2 Attach 4 | 1 1 2 Detach 3 | . 1 2 Swap 5 | . . 5 Drop 5 | . 1 4 Fire 10 | . 2 8 Melee 15 | . . 15 Ram . | . . . Kick . | . . . Crush . | . . . Escape Stasis . | . . . Rewire . | . . . Trap . | . . . Miscellaneous . | . . . Route ------- -11/Scrapyard -10/Materials (discovered 3 exits: [*Mat] / [*Min x2]) -10/Mines History --------- Turn | Location | Event 2 | -11/Scrapyard | Met Revision 17 26 | -11/Scrapyard | Discovered new exit (range 15) 50 | -11/Scrapyard | Entered Materials 52 | -10/Materials | Discovered new exit (range 12) 242 | -10/Materials | Discovered new exit (range 13) 308 | -10/Materials | Build established: Mutant 425 | -10/Materials | Discovered new exit (range 12) 442 | -10/Materials | Entered Mines 533 | -10/Mines | Assembled infested the area 538 | -10/Mines | Assisted by a Guerilla fighting off Assembled 549 | -10/Mines | Learned location of Zion (-7) 636 | -10/Mines | Lost 3 parts (1p2n) 688 | -10/Mines | Core integrity fell below 50% 697 | -10/Mines | Core integrity fell below 20% 701 | -10/Mines | Destroyed by D-53 Grenadier with Mini Grenade Launcher Last Messages --------------- as-61292 system corrupted by crushing effect. as-61292 system terminally corrupted. Acquired Wheel. Acquired 18 matter. Acquired Seismic Detector. Dropped Structural Scanner. Destroyed Asb. F-torch. as-48129 system corrupted by crushing effect. as-48129 destroyed. Knocked back. as-82096 suffers critical hit (Smash). Destroyed Asb. Maul. as-82096 system corrupted by crushing effect. as-82096 destroyed. Acquired 11 matter. Acquired 31 matter. Seismic Detector destroyed. Hvy. Hammer follow-up attack on D-53 Grenadier. The unstable cave ceiling collapses. Com. Wheel destroyed. Map ----- +----------------------------------------------------+ | ??????????????????? ##???????? | | ???????????????????? ##???????? | | ???????????????????# ##????????? | | ??????????????????### ###???????? | | ?????????????????#### ###???????? | | #####?????????###### ##???????? | | ######???????###### ##???????? | | # ####??????### ###???????? | | ####?????## ##??????????? | | ####????## | ###??????????? | | ###????### % ###???????????? | | ##?????### !###????????????? | | """ ##??###### ##?#####???????? | | """ ########## ########???????? | | """ ####### ## ##???????? | | % % ## ##???????? | | ! | ###???????? | | #### ###### ##????????? | | #### ####### # ##????????? | | #### ##????### ##########?? | | ### ##?????## ###### ##?? | | ### ##?????# dd !%= ##?? | | #### #######?????# ! ###?? | | ?############?????# ;# ###??? | | ??######??????????## # ####??? | | ??????????????????# @ # "##???? | | ????????????????## #???? | | ????????????????### # ##???? | | ????????????????##### # #?% #???? | | ?????????????????##### ## ##?? #???? | | ???????????????????####### ????? #???? | | ?????????????????????##### ?????##???? | | ?????????????????????????? ??????????? | | ?????????????????????????? < ?????????? | | ??????????????????????????? ?????????? | | ??????????????????????????? ????????? | | ??????????????????????????? #????????? | | ???????????????????????????# ##????????? | | ????????????????????????????##?????????? | | ???????????????????????????????????????? | | ???????????????????????????????????????? | | ???????????????????????????????????????? | | ???????????????????????????????????????? | | ???????????????????????????????????????? | | ???????????????????????????????????????? | | ???????????????????????????????????????? | | ???????????????????????????????????????? | | ???????????????????????????????????????? | | ???????????????????????????????????????? | | ???????????????????????????????????????? | +----------------------------------------------------+ Best States ------------- Heat Dissipation 25 Energy Generation 10 Energy Capacity 125 Matter Stores 223 Matter Capacity 300 Sight Range 16 Terrain Scan Density 10 Resistance: KI 20 Resistance: TH 20 Resistance: EX 20 Resistance: EM 20 Resistance: I 20 Resistance: S 20 Resistance: P 20 Evasion (%) 42 Offensive Hacking 10 Item Schematics ----------------- None Robot Schematics ------------------ None Fabricated ------------ Nothing Repaired ---------- Nothing Studied --------- None Alien Tech Used ----------------- None Achievements -------------- You Again Challenges ------------ None Game ------ Seed MachineGhostBlaster Manual? 0 Play Time 00:11:12 Cumulative 11.7 hours Start 2026.01.26 @ 23:25:47 End 2026.01.26 @ 23:36:17 Sessions 1 Manual Loads 0 Difficulty Adventurer Special Mode None Game No. 8 Rogue 0 Adventurer 8 Explorer 0 Win Type - Total 0 Types 0/0/0/0/0/0/0/0/0/0 Lore% 1 Gallery% 13 Achievement% 11 Wizard Run 0 Options --------- Layout 0 ASCII 0 Keyboard 1 Movement Arrows Keybinds 0 Fullscreen 1 Font 18/SmallcapsGlow Map View 76x50 Zoom Use 1% Tactical HUD 0 Map Filters NONE Filters NONE Steam 1 RUN: 9e74dc26-8cf8-43d8-a95d-ee7e585560b0